[Event "Kadett-SM 2025"]
[Site "Uppsala, Sweden"]
[Date "2025.07.06"]
[Round "9.1"]
[White "Nagy, Mate"]
[Black "Morell, Oscar"]
[Result "0-1"]
[TimeControl "90 min for 40 move + 30 min with an increment of 30 sec starting move 1"]
[WhiteFideId "1758810"]
[BlackFideId "1752952"]
[WhiteElo "1934"]
[BlackElo "2001"]

1. c4 c6 2. e4 e5 3. d4 Bb4+ 4. Bd2 Bxd2+ 5. Qxd2 d6 6. Nc3 Qc7 7. Nf3 Nf6 8. Qg5 O-O 9. dxe5 dxe5 10.
Be2 Re8 11. O-O Bg4 12. Nd2 Bxe2 13. Nxe2 Na6 14. Ng3 h6 15. Qh4 Red8 16. Nf3 Nc5 17. b4 Ne6 18. Nf5 Nd7 19. Rad1 Kh7 20.
Rd6 Ndf8 21. Rfd1 Rxd6 22. Nxd6 Ng6 23. Qg4 Rd8 24. c5 b6 25. Nxe5 Nxe5 26. Qf5+ Ng6 27. h4 Kg8 28. Rd3 bxc5 29.
bxc5 Ngf4 30. Rd1 Qe7 31. g3 Ne2+ 32. Kg2 Qf6 33. Qg4 Nc3 34. Re1 Nxc5 35. e5 Qg6 36. Qc4 N3a4 37. f4 Qe6 38.
Qe2 Nc3 39. Qe3 Qxa2+ 40. Kh3 N3a4 41. f5 Qd5 42. g4 Qd3 43. Qxd3 Nxd3 44. Re3 Nxe5 45. Nb7 Rd3 46. Rxd3 Nxd3 0-1

[Event "Kadett-SM 2025"]
[Site "Uppsala, Sweden"]
[Date "2025.07.06"]
[Round "9.2"]
[White "Ljungros, Lo"]
[Black "Prabu, Dananjey"]
[Result "1-0"]
[TimeControl "90 min for 40 move + 30 min with an increment of 30 sec starting move 1"]
[WhiteFideId "1760114"]
[BlackFideId "25744992"]
[WhiteElo "2051"]
[BlackElo "2047"]

1. e4 e6 2. d3 d5 3. Nd2 c5 4. g3 Nc6 5. Bg2 Nf6 6. Ngf3 Be7 7. O-O O-O 8. a4 Qc7 9. Re1 Rd8 10.
h4 h6 11. c3 e5 12. Qc2 Be6 13. Nf1 Rac8 14. Ne3 d4 15. Nc4 b6 16. Bd2 Ne8 17. cxd4 Nxd4 18. Nxd4 cxd4 19. b3 Nd6 20.
Qd1 Nxc4 21. bxc4 Qd7 22. Qe2 Rc5 23. Reb1 Rb8 24. a5 Bd8 25. axb6 Rxb6 26. Bb4 Rc8 27. Bd2 Rcb8 28. Rxb6 axb6 29.
f4 f6 30. f5 Bf7 31. Bf3 b5 32. Rb1 Rb7 33. cxb5 Rxb5 34. Qd1 Ba2 35. Ra1 Bf7 36. Bh5 Bb6 37. Ra8+ Kh7 38. Qg4 Bd8 39. Bg6+ Kg8 40. Bxf7+ Kxf7 41.
Qg6+ Kf8 42. Qh7 Rb1+ 43. Kf2 Qe8 44. Ba5 Rb2+ 45. Kg1 Ke7 46. Qxg7+ Kd6 47. Rxd8+ Qxd8 48. Bxd8 Kc5 49. Qe7+ Kc6 50.
Qc7+ Kb5 51. Qb8+ Kc6 52. Qxb2 h5 53. Qb6+ Kd7 54. Qc7+ Ke8 55. Qe7# 1-0

[Event "Kadett-SM 2025"]
[Site "Uppsala, Sweden"]
[Date "2025.07.06"]
[Round "9.3"]
[White "Berling, Egil"]
[Black "Strand, Sixten"]
[Result "1-0"]
[TimeControl "90 min for 40 move + 30 min with an increment of 30 sec starting move 1"]
[WhiteFideId "1781197"]
[BlackFideId "1784137"]
[WhiteElo "2004"]
[BlackElo "1981"]

1. d4 Nc6 2. Nc3 e5 3. Nf3 d6 4. e4 Bg4 5. d5 Nd4 6. Be3 Nxf3+ 7. gxf3 Bd7 8. Qd2 f5 9. exf5 Bxf5 10.
O-O-O a6 11. f4 exf4 12. Bxf4 Qd7 13. Bc4 O-O-O 14. Qd4 c5 15. dxc6 Qxc6 16. Bd5 Qc7 17. Bxg8 1-0

[Event "Kadett-SM 2025"]
[Site "Uppsala, Sweden"]
[Date "2025.07.05"]
[Round "8.2"]
[White "Zheng, Chale"]
[Black "Ljungros, Lo"]
[Result "0-1"]
[TimeControl "90 min for 40 move + 30 min with an increment of 30 sec starting move 1"]
[WhiteFideId "1774425"]
[BlackFideId "1760114"]
[WhiteElo "1881"]
[BlackElo "2051"]

1. e4 e6 2. d4 d5 3. exd5 exd5 4. Bd3 Bd6 5. Nf3 Ne7 6. O-O Bg4 7. Re1 c6 8. c3 Qc7 9. h3 Bh5 10. Nbd2 Nd7 11. Qc2 O-O-O 12. b4 g5 13. Nxg5 Rhg8 14. Ngf3 Ng6 15. Bxg6 Bxg6 16. Qa4 Kb8 17. c4 Bf5 18. Kh1 Qc8 19. Ng1 Nb6 20. Qb3 dxc4 21.
Nxc4 Nxc4 22. Qxc4 Be6 23. Qc3 Bd5 24. f3 Rg3 25. Ne2 Bxf3 26. Nf4 Bxg2+ 27. Nxg2 Qxh3+ 0-1

[Event "Kadett-SM 2025"]
[Site "Uppsala, Sweden"]
[Date "2025.07.05"]
[Round "8.3"]
[White "Dingertz, Filip"]
[Black "Nagy, Mate"]
[Result "0-1"]
[TimeControl "90 min for 40 move + 30 min with an increment of 30 sec starting move 1"]
[WhiteFideId "1757288"]
[BlackFideId "1758810"]
[WhiteElo "2043"]
[BlackElo "1934"]

1. a3 a6 2. b4 d5 3. d4 Bf5 4. Nf3 e6 5. e3 Nd7 6. Bd3 Ngf6 7. O-O Bd6 8. c4 Bxd3 9. Qxd3 dxc4 10.
Qxc4 O-O 11. Bb2 Re8 12. Ne5 Nd5 13. Nxd7 Qxd7 14. Qb3 Nf6 15. f4 a5 16. bxa5 Rxa5 17. Nd2 Rb5 18. Qc2 Nd5 19.
Nc4 Qc6 20. Rac1 Nb6 21. Qe2 Nxc4 22. Rxc4 Rxb2 0-1

[Event "Kadett-SM 2025"]
[Site "Uppsala, Sweden"]
[Date "2025.07.05"]
[Round "8.4"]
[White "Nodtveidt, Svante"]
[Black "Berling, Egil"]
[Result "0-1"]
[TimeControl "90 min for 40 move + 30 min with an increment of 30 sec starting move 1"]
[WhiteFideId "1774450"]
[BlackFideId "1781197"]
[WhiteElo "1838"]
[BlackElo "2004"]

1. d4 e6 2. e4 b6 3. Nf3 Bb7 4. Bd3 d5 5. e5 c5 6. c3 Qd7 7. a4 Ba6 8. O-O Ne7 9. Re1 Bxd3 10.
Qxd3 Nbc6 11. Bg5 h6 12. Bxe7 Bxe7 13. Nbd2 O-O 14. b3 Rac8 15. h4 cxd4 16. Nxd4 Bxh4 17. g3 Be7 18. Kg2 Nxd4 19. cxd4 Bb4 20. Rec1 Bxd2 21.
Qxd2 Rxc1 22. Rxc1 f6 23. f4 fxe5 24. fxe5 Qf7 25. b4 Qf3+ 0-1

[Event "Kadett-SM 2025"]
[Site "Uppsala, Sweden"]
[Date "2025.07.04"]
[Round "7.2"]
[White "Morell, Oscar"]
[Black "Nodtveidt, Svante"]
[Result "1-0"]
[TimeControl "90 min for 40 move + 30 min with an increment of 30 sec starting move 1"]
[WhiteFideId "1752952"]
[BlackFideId "1774450"]
[WhiteElo "2001"]
[BlackElo "1838"]

1. e4 c5 2. Nf3 Nc6 3. d4 cxd4 4. Nxd4 Nf6 5. Nc3 e5 6. Ndb5 d6 7. Nd5 Nxd5 8. exd5 Nb8 9. a4 Be7 10.
Be2 O-O 11. O-O f5 12. f4 a6 13. Na3 e4 14. Nc4 Nd7 15. a5 b5 16. axb6 Nxb6 17. Na5 Qc7 18. Be3 Bf6 19. Ra2 Bd7 20.
c4 Na4 21. Rxa4 Bxa4 22. Qxa4 Bxb2 23. Nc6 Bf6 24. g3 h6 25. h4 Kh7 26. h5 Rg8 27. Kh2 g5 28. hxg6+ Rxg6 29. Bh5 Rg7 30.
Rg1 Qb7 31. Qa3 Rag8 32. Bf2 Qb2 33. Qxb2 Bxb2 34. Rb1 Bc3 35. Rb3 e3 36. Rxc3 exf2 37. Kg2 Rxg3+ 38. Rxg3 Rxg3+ 39. Kxf2 Rc3 40.
Be2 Kg6 41. Ne7+ Kf6 42. Nc8 a5 43. Nxd6 a4 44. Nb5 Rh3 45. Bf3 Rh2+ 46. Bg2 Rh4 47. Kf3 Rg4 48. c5 Rg8 49. c6 Ke7 50.
Bh3 Rf8 1-0

[Event "Kadett-SM 2025"]
[Site "Uppsala, Sweden"]
[Date "2025.07.04"]
[Round "7.3"]
[White "Dingertz, Filip"]
[Black "Berling, Egil"]
[Result "1/2-1/2"]
[TimeControl "90 min for 40 move + 30 min with an increment of 30 sec starting move 1"]
[WhiteFideId "1757288"]
[BlackFideId "1781197"]
[WhiteElo "2043"]
[BlackElo "2004"]

1. c4 e6 2. g3 d5 3. Bg2 Nf6 4. Nf3 dxc4 5. Qa4+ c6 6. Qxc4 b5 7. Qc2 Bb7 8. Nc3 Nbd7 9. O-O Be7 10.
d4 a6 11. a4 Qb6 12. axb5 axb5 13. Rxa8+ Bxa8 14. e4 c5 15. Bf4 O-O 16. e5 Nd5 17. Nxd5 Bxd5 18. dxc5 Nxc5 19. Be3 b4 20.
Rc1 Rc8 21. Ng5 Bxg5 22. Bxg5 Bxg2 23. Kxg2 Qb7+ 24. Kg1 Rc7 25. Qc4 h6 26. Bd8 Rd7 27. Ba5 Nd3 28. Qc8+ Qxc8 29. Rxc8+ Kh7 30.
Rb8 Nxb2 31. Bxb4 1/2-1/2

[Event "Kadett-SM 2025"]
[Site "Uppsala, Sweden"]
[Date "2025.07.04"]
[Round "7.4"]
[White "Prabu, Dananjey"]
[Black "Strand, Sixten"]
[Result "1/2-1/2"]
[TimeControl "90 min for 40 move + 30 min with an increment of 30 sec starting move 1"]
[WhiteFideId "25744992"]
[BlackFideId "1784137"]
[WhiteElo "2047"]
[BlackElo "1981"]

1. b3 e5 2. Bb2 Nc6 3. c4 Nge7 4. e3 d5 5. cxd5 Nxd5 6. d3 Bb4+ 7. Nd2 Qe7 8. a3 Bc3 9. Bxc3 Nxc3 10.
Qc2 Nd5 11. g3 Be6 12. Bg2 Rd8 13. Qb1 a5 14. Ngf3 O-O 15. O-O f5 16. Qb2 Bf7 17. Nc4 Rfe8 18. Rfd1 b5 19. Ncd2 b4 20.
Nc4 Nc3 21. Rd2 Bxc4 22. dxc4 Rxd2 23. Nxd2 e4 24. axb4 axb4 25. Nb1 Qf6 26. Ra6 Rd8 27. Nxc3 Qxc3 28. Qe2 Ne5 29. h3 Qxb3 30.
Ra5 Qd1+ 31. Bf1 Nf3+ 32. Kg2 b3 33. Rb5 Qb1 34. c5 h6 35. Qc4+ Kh7 36. Rxb3 Qe1 37. Qe2 Rd2 38. Qxe1 Nxe1+ 39. Kg1 Rc2 40. c6 Rxc6 41. Rb5 g6 42. g4 Rc1 43. Ra5 Kg7 44. Ra6 Nf3+ 45. Kg2 Kf7 46. gxf5 Nh4+ 47. Kg1 Nxf5 48. Ra4 Nd6 49. Kg2 Ke6 50.
Be2 Ke5 51. f3 exf3+ 52. Kxf3 c5 53. Bd3 g5 54. Ra5 Ke6 55. Ra6 c4 56. Bh7 Kd5 57. Ra5+ Kc6 58. Bg6 c3 59. Ke2 Rh1 60. Ra3 Rh2+ 61. Kd3 Rxh3 62. Rxc3+ Kd5 63. Ke2 Ke5 64.
Rc5+ Kf6 65. Bd3 g4 66. Rc6 Rh2+ 67. Kf1 Ke5 68. Rc5+ Ke6 69. Be2 Ne4 70. Bxg4+ Kd6 71. Ra5 Nc5 72.
Bf3 Nb3 73. Ra6+ Ke5 74. Kg1 Rh4 1/2-1/2

[Event "Kadett-SM 2025"]
[Site "Uppsala, Sweden"]
[Date "2025.07.04"]
[Round "6.1"]
[White "Nodtveidt, Svante"]
[Black "Dingertz, Filip"]
[Result "1/2-1/2"]
[TimeControl "90 min for 40 move + 30 min with an increment of 30 sec starting move 1"]
[WhiteFideId "1774450"]
[BlackFideId "1757288"]
[WhiteElo "1838"]
[BlackElo "2043"]

1. d4 d5 2. c4 e6 3. Nc3 Nf6 4. cxd5 exd5 5. Bg5 Be7 6. e3 c6 7. Bd3 O-O 8. Nge2 Nbd7 9. Qc2 Re8 10.
f3 Nf8 11. O-O g6 12. Bh4 Ne6 13. a3 a5 14. Rab1 b6 15. Rfd1 Bb7 16. b4 axb4 17. axb4 Nd7 18. Bf2 Nb8 19.
e4 Na6 20. Bxa6 Bxa6 21. b5 cxb5 22. Nxd5 Bf8 23. Nec3 b4 24. Nxb4 Bc4 25. Qd2 b5 26. d5 Nc7 27. Nc6 Qd6 28.
Bg3 Qc5+ 29. Kh1 Na6 30. Rdc1 b4 31. Na2 Bxa2 32. Qxa2 Qb6 33. Bf2 Qb7 34. Qb3 Rec8 35. Be3 Nb8 36.
Nd4 Nd7 37. Nc6 Nb8 38. Nxb8 Rxc1+ 39. Bxc1 Qxb8 40. Bd2 Qb5 41. h3 Qe2 42. Qe3 Qc4 43. Qb3 Qe2 44. Qe3 Qc4 45. Qb3 1/2-1/2

[Event "Kadett-SM 2025"]
[Site "Uppsala, Sweden"]
[Date "2025.07.04"]
[Round "6.2"]
[White "Ljungros, Lo"]
[Black "Nagy, Mate"]
[Result "1-0"]
[TimeControl "90 min for 40 move + 30 min with an increment of 30 sec starting move 1"]
[WhiteFideId "1760114"]
[BlackFideId "1758810"]
[WhiteElo "2051"]
[BlackElo "1934"]

1. e4 c5 2. c4 Nc6 3. Nc3 e5 4. g3 g6 5. Bg2 Bg7 6. Nge2 d6 7. d3 h5 8. h3 h4 9. g4 f5 10.
gxf5 gxf5 11. f4 Be6 12. Be3 Qd7 13. Qa4 Nd4 14. Qxd7+ Kxd7 15. Bxd4 cxd4 16. exf5 Bxf5 17. Ne4 Ne7 18.
fxe5 Bxe5 19. O-O-O Rac8 20. Kb1 d5 21. cxd5 Nxd5 22. Rc1 Rxc1+ 23. Nxc1 b6 24. Nd2 Ne3 25. Be4 Be6 26. Nf3 Bf6 27.
Ne2 Rf8 28. Nfxd4 Bxd4 29. Nxd4 Bxh3 30. Kc1 Rf1+ 31. Rxf1 Bxf1 32. Kd2 Ng2 33. Nf3 Nf4 34. Nxh4 Ne6 35. Bf5 Kd6 36. Ke1 1-0

[Event "Kadett-SM 2025"]
[Site "Uppsala, Sweden"]
[Date "2025.07.04"]
[Round "6.3"]
[White "Berling, Egil"]
[Black "Morell, Oscar"]
[Result "1/2-1/2"]
[TimeControl "90 min for 40 move + 30 min with an increment of 30 sec starting move 1"]
[WhiteFideId "1781197"]
[BlackFideId "1752952"]
[WhiteElo "2004"]
[BlackElo "2001"]

1. d4 d5 2. Bf4 Nf6 3. e3 c5 4. Nf3 Nc6 5. Nbd2 Bf5 6. dxc5 Nd7 7. Bb5 Nxc5 8. O-O a6 9. Be2 e6 10.
Nd4 Bg6 11. N2f3 Be7 12. c4 O-O 13. Rc1 Rc8 14. cxd5 exd5 15. Nxc6 bxc6 16. b4 Ne6 17. Bxa6 Ra8 18. Bb7 Rxa2 19. Qb3 Ra7 20. Bxc6 Nxf4 21.
exf4 Qb6 22. Bxd5 Qxb4 1/2-1/2

[Event "Kadett-SM 2025"]
[Site "Uppsala, Sweden"]
[Date "2025.07.03"]
[Round "5.1"]
[White "Ljungros, Lo"]
[Black "Nodtveidt, Svante"]
[Result "1/2-1/2"]
[TimeControl "90 min for 40 move + 30 min with an increment of 30 sec starting move 1"]
[WhiteFideId "1760114"]
[BlackFideId "1774450"]
[WhiteElo "2051"]
[BlackElo "1838"]

1. Nf3 d5 2. c4 e6 3. e3 Nf6 4. b3 c5 5. Bb2 Nc6 6. cxd5 exd5 7. d4 Be7 8. Be2 O-O 9. O-O b6 10.
dxc5 bxc5 11. Nc3 a6 12. Rc1 Be6 13. Na4 Nd7 14. Ne1 Qc7 15. Nd3 Qa7 16. Nf4 d4 17. Nxe6 fxe6 18. Bc4 Rf6 19.
exd4 cxd4 20. Re1 Nf8 21. Bxe6+ Nxe6 22. Rxc6 Qd7 23. Rc2 Raf8 24. Nb6 Qb7 25. Nc4 Rg6 26. f3 Bb4 27. Rf1 Nf4 28.
Qxd4 Qc7 29. Ne3 Qxc2 30. Nxc2 Ne2+ 31. Kf2 Nxd4 32. Bxd4 Bd6 33. g3 Rc8 34. Ne3 Re6 35. Rd1 Bb4 36.
Rd3 1/2-1/2

[Event "Kadett-SM 2025"]
[Site "Uppsala, Sweden"]
[Date "2025.07.03"]
[Round "5.2"]
[White "Malmquist, Neo"]
[Black "Dingertz, Filip"]
[Result "0-1"]
[TimeControl "90 min for 40 move + 30 min with an increment of 30 sec starting move 1"]
[WhiteFideId "1774387"]
[BlackFideId "1757288"]
[WhiteElo "1998"]
[BlackElo "2043"]

1. e4 e5 2. Nf3 Nc6 3. Bb5 a6 4. Ba4 Nf6 5. d3 b5 6. Bb3 Bc5 7. Nc3 O-O 8. Nd5 Nxd5 9. Bxd5 Rb8 10.
c3 Ne7 11. Nxe5 Nxd5 12. exd5 Re8 13. d4 Bd6 14. O-O Bb7 15. Bf4 Bxd5 16. Nd3 Bf8 17. Re1 d6 18. Qc2 Qf6 19. Bg3 Qf5 20.
f3 a5 21. Nb4 Qxc2 22. Nxc2 Rxe1+ 23. Bxe1 a4 24. Ne3 Bc4 25. a3 Re8 26. Kf2 g6 27. Bd2 f5 28. Re1 Bb3 29. Nf1 Rxe1 30.
Bxe1 Kf7 31. f4 Ke6 32. Ne3 Bh6 33. Nf1 Bxf4 34. Bd2 Bxd2 35. Nxd2 g5 36. g3 f4 37. h4 gxh4 38. gxf4 Kf5 39. Nf3 Kxf4 40. Nxh4 Bd5 0-1

[Event "Kadett-SM 2025"]
[Site "Uppsala, Sweden"]
[Date "2025.07.03"]
[Round "5.4"]
[White "Nagy, Mate"]
[Black "Strand, Sixten"]
[Result "1-0"]
[TimeControl "90 min for 40 move + 30 min with an increment of 30 sec starting move 1"]
[WhiteFideId "1758810"]
[BlackFideId "1784137"]
[WhiteElo "1934"]
[BlackElo "1981"]

1. e4 c5 2. Nf3 d6 3. d4 cxd4 4. Nxd4 Nf6 5. Nc3 Nc6 6. Nf3 g6 7. e5 dxe5 8. Qxd8+ Nxd8 9. Nb5 Ne6 10.
Bc4 a6 11. Bxe6 axb5 12. Bb3 Nd7 13. Be3 Bg7 14. Ng5 e6 15. Ne4 Bf8 16. O-O-O b6 17. Rd2 Bb7 18. Rhd1 Bxe4 19. Rxd7 Bc6 20.
Rc7 Bxg2 21. Rdd7 Rc8 22. Bg5 Bc6 23. Rd3 Rb8 24. Rxc6 Bc5 25. Be3 e4 26. Rd2 Bxe3 27. fxe3 Ke7 28.
Rc7+ Kf6 29. Rf2+ Kg5 30. Rcxf7 Rbe8 31. R7f4 h5 32. h4+ Kh6 33. Rxe4 e5 34. Rb4 Rhf8 35. Rxf8 Rxf8 36. Rxb5 Rf1+ 37. Kd2 Rh1 38. Rxb6 Rxh4 39. a4 Rh2+ 40.
Kc3 h4 41. a5 Rg2 42. Be6 Rg1 43. a6 Ra1 44. Bf5 Kg5 45. Bxg6 h3 46. Be4 Ra4 47. b4 h2 48. Rg6+ Kh5 49.
Rg7 1-0

[Event "Kadett-SM 2025"]
[Site "Uppsala, Sweden"]
[Date "2025.07.02"]
[Round "4.2"]
[White "Berling, Egil"]
[Black "Ljungros, Lo"]
[Result "0-1"]
[TimeControl "90 min for 40 move + 30 min with an increment of 30 sec starting move 1"]
[WhiteFideId "1781197"]
[BlackFideId "1760114"]
[WhiteElo "2004"]
[BlackElo "2051"]

1. d4 Nf6 2. Bf4 e6 3. e3 b6 4. Nf3 Bb7 5. Bd3 c5 6. Nbd2 Nc6 7. c3 Be7 8. h3 O-O 9. O-O d5 10.
Qe2 Bd6 11. Bxd6 Qxd6 12. e4 dxe4 13. Nxe4 Qe7 14. dxc5 bxc5 15. Nfg5 Nxe4 16. Qxe4 g6 17. Qh4 h5 18. Rfe1 Qf6 19.
Qg3 Ne7 20. Ne4 Bxe4 21. Bxe4 Rad8 22. Rad1 Nc8 23. Qc7 Qe7 24. Qxe7 Nxe7 25. Kf1 Kg7 26. Ke2 Kf6 27. Rxd8 Rxd8 28.
Rd1 Rxd1 29. Kxd1 Ke5 30. Bb7 g5 31. Kd2 Nf5 32. Kd3 c4+ 33. Ke2 h4 34. Bc6 Ne7 35. Bb7 f5 36. b3 cxb3 37.
axb3 g4 38. hxg4 fxg4 39. Kd3 a5 40. c4 Kd6 41. Ke4 h3 42. gxh3 gxh3 43. Kf4 Nf5 44. Kg4 Nd4 45. Kxh3 Nxb3 46.
Be4 Nd4 47. Kg3 a4 48. Kf4 a3 49. Bb1 Ne2+ 50. Ke3 Nc3 51. Ba2 Nxa2 52. Kd2 Nb4 0-1

[Event "Kadett-SM 2025"]
[Site "Uppsala, Sweden"]
[Date "2025.07.02"]
[Round "4.3"]
[White "Dingertz, Filip"]
[Black "Morell, Oscar"]
[Result "1/2-1/2"]
[TimeControl "90 min for 40 move + 30 min with an increment of 30 sec starting move 1"]
[WhiteFideId "1757288"]
[BlackFideId "1752952"]
[WhiteElo "2043"]
[BlackElo "2001"]

1. c4 e5 2. Nc3 Bb4 3. Nf3 Bxc3 4. bxc3 d6 5. g3 Nf6 6. Bg2 O-O 7. d3 Nbd7 8. O-O Nc5 9. Nd2 Re8 10.
Qc2 c6 11. a4 Bg4 12. Re1 Rc8 13. Ba3 Ne6 14. Rab1 Qd7 15. e4 Nd8 16. Nf1 b6 17. Ne3 Nb7 18. Rf1 Bh3 19. f4 Bxg2 20.
Qxg2 Nc5 21. Nf5 Rcd8 22. Qf3 Re6 23. a5 Qc7 24. axb6 axb6 25. Rb2 Na4 26. Rb3 d5 27. exd5 cxd5 28.
cxd5 Nxd5 29. fxe5 Qxe5 30. c4 Ndc3 31. Bb4 Rf6 32. d4 Ne2+ 33. Kg2 Nxd4 34. Rd3 h6 35. Qg4 Rg6 36. Qd1 Nxf5 37.
Rxd8+ Kh7 38. Rxf5 Qxf5 39. Qxa4 Qe4+ 40.
Kg1 Qe3+ 41. Kg2 Qe2+ 42. Kg1 1/2-1/2

[Event "Kadett-SM 2025"]
[Site "Uppsala, Sweden"]
[Date "2025.07.02"]
[Round "4.4"]
[White "Grettve Odenfors, Axel"]
[Black "Prabu, Dananjey"]
[Result "0-1"]
[TimeControl "90 min for 40 move + 30 min with an increment of 30 sec starting move 1"]
[WhiteFideId "1763741"]
[BlackFideId "25744992"]
[WhiteElo "1774"]
[BlackElo "2047"]

1. e4 e5 2. Nf3 Nc6 3. Bc4 Bc5 4. b4 Bxb4 5. c3 Ba5 6. d4 exd4 7. O-O d6 8. cxd4 Nf6 9. e5 dxe5 10.
Ba3 Be6 11. Bxe6 fxe6 12. Nbd2 Bxd2 13. Qxd2 e4 14. Ng5 Qd5 15. Rac1 h6 16. Rc5 Qd7 17. Nh3 O-O 18. Rd1 Rad8 19.
Rc4 Rf7 20. Nf4 e5 21. Ne2 Qf5 22. Ng3 Qe6 23. Qc3 Nxd4 24. Kf1 c6 25. Ne2 b5 26. Nxd4 Qxc4+ 27. Qxc4 bxc4 0-1

[Event "Kadett-SM 2025"]
[Site "Uppsala, Sweden"]
[Date "2025.07.01"]
[Round "3.2"]
[White "Prabu, Dananjey"]
[Black "Berling, Egil"]
[Result "0-1"]
[TimeControl "90 min for 40 move + 30 min with an increment of 30 sec starting move 1"]
[WhiteFideId "25744992"]
[BlackFideId "1781197"]
[WhiteElo "2047"]
[BlackElo "2004"]

1. e4 c6 2. Nc3 d5 3. Nf3 dxe4 4. Nxe4 Nf6 5. Nc3 Bf5 6. Bc4 e6 7. O-O Nbd7 8. d4 Bd6 9. h3 h6 10.
Re1 Qc7 11. a3 O-O 12. Bd2 e5 13. Bd3 Bxd3 14. cxd3 exd4 15. Nxd4 Rfe8 16. Ne4 Rad8 17. Nf5 Bf8 18. Bc3 Nxe4 19.
dxe4 g6 20. Nh4 Ne5 21. Qb3 Nd3 22. Re3 Nxf2 23. Kxf2 Qf4+ 24. Rf3 Qxh4+ 25. g3 Bc5+ 26. Kg2 Qe7 27. Raf1 Rf8 28. Bf6 Rd2+ 29.
Kh1 Qxe4 30. Bc3 Rd3 31. Qc2 Rxf3 32. Qxe4 Rxf1+ 33. Kh2 Rf2+ 34. Kh1 Rd8 35. Qe1 Rf3 36. h4 Rfd3 37. Kg2 Bd4 38.
Bxd4 R3xd4 39. Qe5 Rd1 40. Kh3 h5 41. Qe4 R1d2 42. Qe7 R2d7 43. Qe1 c5 44. Qa5 b6 45. Qa4 Re7 46. Kg2 Rd2+ 47.
Kf3 Rxb2 48. Kf4 Rf2+ 49. Kg5 Kg7 0-1

[Event "Kadett-SM 2025"]
[Site "Uppsala, Sweden"]
[Date "2025.07.01"]
[Round "3.3"]
[White "Nodtveidt, Svante"]
[Black "Strand, Sixten"]
[Result "1-0"]
[TimeControl "90 min for 40 move + 30 min with an increment of 30 sec starting move 1"]
[WhiteFideId "1774450"]
[BlackFideId "1784137"]
[WhiteElo "1838"]
[BlackElo "1981"]

1. d4 d5 2. c4 e6 3. Nc3 a6 4. e3 dxc4 5. a4 c5 6. Bxc4 cxd4 7. exd4 Nf6 8. Nf3 Nbd7 9. O-O Nb6 10.
Bb3 Nbd5 11. Bg5 Be7 12. Re1 O-O 13. Qe2 Nxc3 14. bxc3 Re8 15. Rad1 Qb6 16. Bc2 Nd7 17. g3 f6 18.
Bd2 Nf8 19. h4 Bd7 20. Nh2 Bc6 21. Ng4 Bd6 22. h5 e5 23. Rb1 Qc7 24. Bb3+ Kh8 25. d5 Bd7 26. Ne3 Bc5 27. Nc4 b5 28.
Nb2 Ba3 29. axb5 Rab8 30. Nc4 Bxb5 31. Qe4 f5 32. Qh4 Be7 33. d6 Bxd6 34. Nxd6 Qxd6 35. Be3 Bd3 36. Red1 e4 37. Bc2 Qd8 38.
Bg5 Qa5 39. Bxd3 exd3 40. Rxb8 Rxb8 41. Rxd3 Qb5 42. Rd8 h6 43. Bxh6 gxh6 44. Qf6+ Kg8 45. Qxf8+ 1-0

[Event "Kadett-SM 2025"]
[Site "Uppsala, Sweden"]
[Date "2025.07.01"]
[Round "2.1"]
[White "Ljungros, Lo"]
[Black "Stedman, Theodor"]
[Result "1-0"]
[TimeControl "90 min for 40 move + 30 min with an increment of 30 sec starting move 1"]
[WhiteFideId "1760114"]
[BlackFideId "1756230"]
[WhiteElo "2051"]
[BlackElo "1873"]

1. c4 c5 2. Nc3 Nc6 3. g3 g6 4. Bg2 Bg7 5. e4 d6 6. Nge2 e5 7. O-O Nge7 8. d3 Nd4 9. a3 Nec6 10.
Rb1 a5 11. h3 O-O 12. f4 f5 13. Nd5 Nxe2+ 14. Qxe2 Nd4 15. Qd1 Be6 16. b4 Bxd5 17. exd5 cxb4 18. axb4 Qb6 19. Bd2 axb4 20.
Rxb4 Qc5 21. Rxb7 Ra1 22. Qxa1 Nf3+ 23. Kh1 Nxd2 24. Rd1 Qe3 25. Qc1 Qxg3 26. Qxd2 Bh6 27. Qe1 Qxf4 28. Qa5 Bg7 29.
Qc7 Qh6 30. Rb8 e4 31. Rxf8+ Bxf8 32. dxe4 f4 33. Rf1 g5 34. Qc8 Qg7 35. c5 dxc5 36. Qe6+ Kh8 37. d6 g4 38. Qxg4 1-0

[Event "Kadett-SM 2025"]
[Site "Uppsala, Sweden"]
[Date "2025.07.01"]
[Round "2.2"]
[White "Zheng, Chale"]
[Black "Prabu, Dananjey"]
[Result "0-1"]
[TimeControl "90 min for 40 move + 30 min with an increment of 30 sec starting move 1"]
[WhiteFideId "1774425"]
[BlackFideId "25744992"]
[WhiteElo "1881"]
[BlackElo "2047"]

1. e4 e5 2. Nf3 Nc6 3. Bc4 Bc5 4. d3 h6 5. Nc3 Nf6 6. h3 d6 7. Na4 Bb6 8. c3 Na5 9. Nxb6 axb6 10.
Bb5+ c6 11. Ba4 b5 12. Bc2 c5 13. O-O Nc6 14. d4 Qe7 15. Re1 g5 16. Be3 g4 17. hxg4 Bxg4 18. Qe2 cxd4 19. cxd4 Bxf3 20.
Qxf3 Nxd4 21. Bxd4 exd4 22. Qf5 Qe5 23. Qh3 Ke7 24. Rac1 Rac8 25. Bb3 Rc6 26. a4 Rhc8 27. Qxc8 Rxc8 28.
Rxc8 d3 29. Rc7+ Kd8 30. Rc3 Ng4 31.
Rxd3 Qh2+ 32. Kf1 Qh1+ 33. Ke2 Qxg2 34. Rf3 Ne5 35. Re3 bxa4 36. Bxa4 Qg4+ 37. f3 Qg2+ 38. Kd1 Nc4 39. R3e2 Qxf3 40.
Kc2 Qf6 41. e5 Qf5+ 42. Kb3 Nxe5 43. Ka2 Qd3 44. Re3 Qd4 45. Re4 Qd5+ 46. Bb3 Qa5+ 47. Kb1 f5 48. R4e2 Qb5 49. Bc2 f4 50.
Rf2 Qb4 51. Re4 Nc4 52. Kc1 Qxb2+ 53. Kd1 Ne3+ 54. Ke2 Qxc2+ 55. Kf3 Qd3 56. Re2 Qd1 57. Kxf4 Qxe2 0-1

[Event "Kadett-SM 2025"]
[Site "Uppsala, Sweden"]
[Date "2025.07.01"]
[Round "2.3"]
[White "Nodtveidt, Svante"]
[Black "Bergman, Axel"]
[Result "1-0"]
[TimeControl "90 min for 40 move + 30 min with an increment of 30 sec starting move 1"]
[WhiteFideId "1774450"]
[BlackFideId "1772694"]
[WhiteElo "1838"]
[BlackElo "2034"]

1. e4 e6 2. d4 d5 3. Nd2 dxe4 4. Nxe4 Nd7 5. Nf3 Ngf6 6. Nxf6+ Nxf6 7. Bd3 c5 8. O-O cxd4 9. Nxd4 Bc5 10.
Be3 Bb6 11. Re1 O-O 12. c3 e5 13. Nb3 Re8 14. Bb5 Bd7 15. Bxd7 Qxd7 16. Bxb6 axb6 17. Qxd7 Nxd7 18. g3 e4 19.
Kg2 g6 20. Rad1 Ne5 21. Rxe4 Rxa2 22. Rd2 Re7 23. Rde2 f6 24. Nc1 Ra1 25. Nd3 Rb1 26. f4 Rd7 27. Nxe5 fxe5 28. fxe5 Re7 29.
e6 Ra1 30. Rb4 Ra6 31. Kf3 Kg7 32. h4 Kf6 33. Rf4+ Kg7 34. Rb4 Kf6 35. g4 Rxe6 36. Rxe6+ Kxe6 37. Kf4 h6 38. g5 h5 39.
Ke4 Kd6 40. Kd4 Ke6 41. Kc4 Kd6 42. Kb5 Kc7 43. Rc4+ Kd7 44. Rf4 Ke7 45. Rf2 Ke8 46. c4 Ke7 47. b3 Ra3 48. Rf3 Ra6 49.
Rf6 Ra5+ 50. Kxb6 Ra6+ 51. Kxb7 Rxf6 52. gxf6 Kxf6 53. c5 1-0

[Event "Kadett-SM 2025"]
[Site "Uppsala, Sweden"]
[Date "2025.07.01"]
[Round "2.4"]
[White "Berling, Egil"]
[Black "Israelsson, Lukas"]
[Result "1-0"]
[TimeControl "90 min for 40 move + 30 min with an increment of 30 sec starting move 1"]
[WhiteFideId "1781197"]
[BlackFideId "1784749"]
[WhiteElo "2004"]
[BlackElo "1823"]

1. d4 Nf6 2. Bf4 c6 3. Nf3 Qb6 4. Qc1 d6 5. Nbd2 Bg4 6. h3 Bxf3 7. Nxf3 Nbd7 8. e3 g6 9. Be2 Bg7 10.
O-O O-O 11. c3 Rfe8 12. Qc2 Nd5 13. Bh2 f5 14. a3 N5f6 15. Nd2 d5 16. c4 Ne4 17. c5 Qd8 18. b4 e5 19. Nxe4 fxe4 20.
dxe5 Nxe5 21. Rab1 a6 22. Bg3 Qd7 23. Rfd1 Qf5 24. a4 Qf8 25. Bf1 Nd7 26. Bd6 Qf7 27. b5 axb5 28. axb5 Be5 29.
bxc6 bxc6 30. Rb7 Qe6 31. Bxe5 Nxe5 32. Rdb1 Re7 33. Rb8+ Rxb8 34. Rxb8+ Kg7 35. Ra8 Qf6 36. Qb3 Rf7 37.
Ra2 Nd7 38. Qb4 Qe7 39. Qd4+ Qf6 40. Ra7 Ne5 41. Rxf7+ Nxf7 42. Ba6 Qxd4 43. exd4 Kf6 44. Kf1 h5 45. Ke2 Nd8 46. Bc8 Kg5 47. Ke3 Kh4 48. Kf4 g5+ 49.
Ke3 g4 50. hxg4 hxg4 51. Kf4 g3 52. Bg4 Ne6+ 53. Bxe6 gxf2 54. g3 1-0

[ePGN "0.1;DGT LiveChess/2.2.7"]